AoeStats
← robynifft23

Arabia

509641939Analyzed
2v2 RM · 6d ago on Sep 27, 2026· 60m 29s· 4 players
Game mode
Random Map
Map size
Medium (4 player)
Population
200
Speed
Normal
Resources
Standard
Victory
Conquest
Starting age
Dark Age
Ending age
Imperial Age
RankedLock teamsTeams togetherTeam positionsShared explorationLock speedFull tech treeHidden civsTurbo modeCheats
Victory
Defeat
🇮🇹 Celts · Italy
1198
+14
🇮🇹 Danes · Italy
1029
+22
🇩🇪 Huns · Germany
1176
-19
🇬🇧 Mongols · United Kingdom
1125
-17
Il Gallaccio
6:39 Loom
9:16 Feudal Age
10:08 Double-Bit Axe
19:46 Castle Age
19:16 Horse Collar
19:30 Gold Mining
19:31 Fletching
19:41 Padded Archer Armor
21:03 Crossbowman
21:38 Bodkin Arrow
22:28 Bow Saw
22:37 Leather Archer Armor
25:42 Ballistics
27:07 Wheelbarrow
30:06 Heavy Plow
38:53 Imperial Age
39:54 Scale Mail Armor
40:04 Forging
41:28 Capped Ram
44:18 Forging
45:13 Chain Mail Armor
45:53 Iron Casting
46:21 Hand Cart
47:07 Conscription
48:32 Chemistry
48:28 Heavy Scorpion
49:30 Siege Engineers
50:07 Siege Ram
52:13 Furor Celtica
53:04 Elite Woad Raider
54:53 Plate Mail Armor
59:20 Blast Furnace
58:07 Gambesons
58:07 Arson
robynifft23
6:11 Loom
9:30 Feudal Age
10:19 Man-at-Arms
11:23 Arson
16:57 Double-Bit Axe
18:58 Horse Collar
21:32 Gold Mining
24:49 Castle Age
25:21 Wheelbarrow
24:34 Town Watch
25:13 Fletching
25:10 Pikeman
26:43 Bow Saw
26:27 Elite Skirmisher
28:30 Squires
30:50 Scale Mail Armor
31:20 Bodkin Arrow
35:14 Heavy Plow
38:09 Hamask
41:10 Forging
44:31 Imperial Age
43:41 Chain Mail Armor
44:01 Iron Casting
44:40 Gold Shaft Mining
44:56 Halberdier
46:10 Conscription
46:32 Plate Mail Armor
46:43 Padded Archer Armor
48:42 Bracer
49:06 Ballistics
49:47 Chemistry
50:08 Siege Engineers
51:44 Leather Archer Armor
52:29 Blast Furnace
54:27 Ring Archer Armor
55:23 Thumb Ring
55:46 Caravan
55:51 Elite Varangian Guard
56:38 Scale Barding Armor
EDL Spitfire
7:49 Loom
9:37 Feudal Age
18:07 Forging
21:38 Castle Age
19:37 Double-Bit Axe
21:00 Bloodlines
21:15 Gold Mining
22:21 Horse Collar
24:12 Stone Mining
27:07 Town Watch
27:42 Husbandry
28:53 Scale Barding Armor
29:24 Light Cavalry
31:07 Wheelbarrow
36:25 Fletching
37:50 Heavy Plow
41:43 Iron Casting
44:26 Imperial Age
43:29 Padded Archer Armor
44:49 Ballistics
44:37 Thumb Ring
45:04 Hand Cart
45:18 Chain Barding Armor
46:01 Hussar
47:12 Conscription
50:34 Chemistry
50:02 Parthian Tactics
52:20 Elite Mangudai
56:19 Bodkin Arrow
Han.
6:20 Loom
9:41 Feudal Age
10:31 Horse Collar
10:37 Double-Bit Axe
19:11 Castle Age
17:54 Fletching
19:59 Gold Mining
20:07 Bodkin Arrow
20:16 Padded Archer Armor
24:53 Bow Saw
25:58 Leather Archer Armor
28:54 Bloodlines
29:58 Ballistics
29:29 Town Watch
29:25 Elite Skirmisher
31:22 Husbandry
33:47 Thumb Ring
47:17 Gold Shaft Mining
52:25 Imperial Age
51:28 Wheelbarrow
50:54 Town Patrol
52:27 Heavy Cavalry Archer
54:19 Parthian Tactics
54:11 Bracer
54:20 Capped Ram
Connection lost

Rejoining the realm…

Still unreachable

The connection could not be restored.

Session expired

The server has moved on; the page needs a fresh start.